Cogmind - Beta 15 @@@ ROGUE MODE // 2025.06.08 @ 10:53:19 // Winter2022/Polymind Player: Epsilon 11 Result: Destroyed by Y-54 Guardian with Flak Gun Performance ------------- Evolutions (4) 2000 Regions Visited (14) 2800 Robots Destroyed (83) 415 Value Destroyed (3464) 3464 Prototype IDs (1) 20 Alien Tech Used (0) 0 Bonus (10610) 10610 TOTAL SCORE: 19189 Bonus ------- Polymind Skill 8632 Pacifist 200 High Alert Combat Kills 121 Follower Combat Kills 691 Entered Garrisons 200 Registered with UFD 300 Met Optimus in HQ 500 Friendly Fire -34 Cogmind --------- Core Integrity 0/850 Matter 0/0 Energy 275/275 System Corruption 1% Temperature Cool (18) Movement Treading (160) Location -6/Factory Parts ------- > --- POWER (2) -------- Antimatter Reactor > --- PROPULSION (4) --- Heavy Treads > --- UTILITY (12) ----- Improved Cooling System Improved Cooling System Dynamic Insulation System > --- WEAPON (4) ------- Compactor > --- INVENTORY (1) ---- (None) Peak State ------------ > --- POWER ------------ Antimatter Reactor Antimatter Reactor > --- PROPULSION ------- Heavy Treads Heavy Treads > --- UTILITY ---------- Improved Cooling System Improved Cooling System Improved Propulsion Shielding Damper Plating Damper Plating Dynamic Insulation System > --- WEAPON ----------- Compactor > --- INVENTORY -------- (None) [Rating: 125] Favorites ----------- Power Reinforced Deuterium Engine Engine Reinforced Deuterium Engine Power Core Light Nuclear Core Reactor Antimatter Reactor Propulsion Armored Treads Treads Armored Treads Leg Aluminum Leg Wheel Compact Wheel Hover Unit Hover Unit Flight Unit Flight Unit Utility Dynamic Insulation System Device Dynamic Insulation System Storage Small Storage Unit Processor Visual Processing Unit Protection Hardened Heavy Armor Plating Weapon Heavy Assault Cannon Energy Gun Beam Rifle Ballistic Gun Heavy Assault Rifle Ballistic Cannon Heavy Assault Cannon Launcher Mini Grenade Launcher Special Weapon Welding Torch Impact Weapon Compactor Slashing Weapon Katana Build | -11 -10 -9 -9 -9 -8 -8 -8 -8 -8 -8 -8 -6 -6 -6 ------- Run | Yrd Mat Mat Min Exi Min Mat Gar Mat Sto Rec Scr Fac Was Fac Slots Evolved . | . . . . . . . . . . . . . . . Power . | . . . . . . . . . . . . . . . Propulsion . | . . . . . . . . . . . . . . . Utility . | . . . . . . . . . . . . . . . Weapon . | . . . . . . . . . . . . . . . Parts Attached . | . . . . . . . . . . . . . . . Power . | . . . . . . . . . . . . . . . Engine . | . . . . . . . . . . . . . . . Core . | . . . . . . . . . . . . . . . Reactor . | . . . . . . . . . . . . . . . Propulsion . | . . . . . . . . . . . . . . . Treads . | . . . . . . . . . . . . . . . Leg . | . . . . . . . . . . . . . . . Wheel . | . . . . . . . . . . . . . . . Hover . | . . . . . . . . . . . . . . . Flight . | . . . . . . . . . . . . . . . Utility . | . . . . . . . . . . . . . . . Device . | . . . . . . . . . . . . . . . Storage . | . . . . . . . . . . . . . . . Processor . | . . . . . . . . . . . . . . . Hackware . | . . . . . . . . . . . . . . . Protection . | . . . . . . . . . . . . . . . Artifact . | . . . . . . . . . . . . . . . Weapon . | . . . . . . . . . . . . . . . Energy Gun . | . . . . . . . . . . . . . . . Energy Cannon . | . . . . . . . . . . . . . . . Ballistic Gun . | . . . . . . . . . . . . . . . Ballistic Cannon . | . . . . . . . . . . . . . . . Launcher . | . . . . . . . . . . . . . . . Special Weapon . | . . . . . . . . . . . . . . . Impact Weapon . | . . . . . . . . . . . . . . . Slashing Weapon . | . . . . . . . . . . . . . . . Piercing Weapon . | . . . . . . . . . . . . . . . Special Melee Weapon . | . . . . . . . . . . . . . . . Unidentified Prototypes . | . . . . . . . . . . . . . . . Parts Lost 32 | . . 3 . . . 4 4 . 2 . . 13 1 5 Power 2 | . . . . . . . . . . . . 1 . 1 Propulsion 14 | . . 3 . . . 1 4 . . . . 5 . 1 Utility 11 | . . . . . . 2 . . 1 . . 4 1 3 Weapon 5 | . . . . . . 1 . . 1 . . 3 . . Highest Loss Streak 4 | . . 2 . . . 4 2 . 1 . . 4 1 2 To Critical Strikes 1 | . . . . . . . 1 . . . . . . . Average Backups . | . . . . . 1 1 1 . . 1 . . . . Power . | . . . . . 1 1 . . . . . . . . Propulsion . | . . . . . . . . . . . . . . . Utility . | . . . . . . . . . . 1 . . . . Weapon . | . . . . . . . . . . . . . . . Tool/Special . | . . . . . . . . . . . . . . . Unused Backups 5 | . . . . . . 1 . . . 4 . . . . Power 1 | . . . . . . 1 . . . . . . . . Propulsion 1 | . . . . . . . . . . 1 . . . . Utility 3 | . . . . . . . . . . 3 . . . . Weapon . | . . . . . . . . . . . . . . . Tool/Special . | . . . . . . . . . . . . . . . Average Slot Usage (%) 81 | . 33 95 100 100 100 91 85 60 88 79 100 78 59 43 Engine 9 | . 8 15 12 12 12 12 12 20 12 15 20 5 3 . Treads 14 | . . 17 25 25 25 21 11 40 17 . . 16 1 8 Leg 1 | . . . . . . . 18 . . . . . . . Wheel 6 | . . 1 . . . 2 5 . 8 30 40 . . . Device 22 | . . 17 25 25 25 22 9 . 22 15 20 28 4 13 Storage 2 | . . 1 . . . . . . . 15 20 . . . Processor 5 | . 8 2 . . . 1 6 . 4 . . 9 10 . Protection 5 | . . 8 12 12 12 9 3 . 6 . . 6 4 7 Energy Gun 3 | . . 8 12 12 12 11 6 . 6 2 . . . . Ballistic Gun 5 | . . 12 12 12 12 8 . . 6 . . 5 . . Ballistic Cannon 1 | . . . . . . . . . . . . 3 . . Peak Build Rating 125 | . 5 11 11 11 11 11 13 4 11 5 36 78 125 125 Average Rating 40 | . 1 8 11 11 11 10 8 4 8 4 5 63 23 105 On Entrance 15 | . . 5 11 11 11 11 11 4 4 2 5 36 . 125 Naked Turns 116 | . 35 . . . . . 5 . 1 3 1 69 2 . Heaviest Build 150 | . 3 18 18 18 18 18 10 10 18 9 26 58 150 150 Greatest Support 150 | 3 12 40 40 40 40 40 40 40 40 32 36 60 150 150 Greatest Overweight (x) 2 | . . 1 . . . . . . 1 . . 2 . . Average Overweight (x) . | . . . . . . . . . . . . . . . Largest Inventory Capacity 12 | . . 1 1 1 1 12 12 1 1 4 4 5 1 1 Average Capacity 1 | . . . 1 1 1 1 2 1 . 3 3 1 . 1 Most Carried 12 | . . . . 1 1 12 12 . . 4 . . . . Average Carried . | . . . . . 1 1 1 . . 1 . . . . Final Capacity 12 | . . 1 1 1 1 12 1 1 1 4 1 . 1 1 Final Carried 12 | . . . . 1 1 12 . . . . . . . . Class Distribution -------------------- 31% | Heavy 20% | Sentry 13% | Z-Light 12% | Recycler 6% | Compactor 3% | Brawler Dominant Class ---------------- Cogmind | -10/Materials Sentry | -9/Materials Sentry | -9/Mines Sentry | -9/Exiles Sentry | -8/Mines Sentry | -8/Materials Grunt | -8/Garrison Brawler | -8/Materials Sentry | -8/Storage Recycler | -8/Recycling Recycler | -8/Scraptown Heavy | -6/Factory Demolisher | -6/Waste Compactor | -6/Factory Resources | -11 -10 -9 -9 -9 -8 -8 -8 -8 -8 -8 -8 -6 -6 -6 ----------- Run | Yrd Mat Mat Min Exi Min Mat Gar Mat Sto Rec Scr Fac Was Fac Matter Collected 787 | . . 8 43 . . 54 . . 18 . . 664 . . Remotely . | . . . . . . . . . . . . . . . Salvage Created 2770 | . . 70 . . . 296 371 . 71 . . 1273 . 689 Parts 148 | . . 20 . . . 11 18 . 3 . . 70 . 26 Haulers Intercepted . | . . . . . . . . . . . . . . . Recyclers Shooed 8 | . . 1 . . . . . . . . . 7 . . Parts Field Recycled . | . . . . . . . . . . . . . . . Retrieved Matter . | . . . . . . . . . . . . . . . Parts Self-Destructed . | . . . . . . . . . . . . . . . Prevented . | . . . . . . . . . . . . . . . Kills | -11 -10 -9 -9 -9 -8 -8 -8 -8 -8 -8 -8 -6 -6 -6 ------- Run | Yrd Mat Mat Min Exi Min Mat Gar Mat Sto Rec Scr Fac Was Fac Combat Hostiles Destroyed 69 | . . 7 . . . 6 14 . 1 . . 27 . 14 Melee 23 | . . . . . . . 9 . . . . . . 14 Guns 27 | . . 7 . . . 6 5 . 1 . . 8 . . Cannons 15 | . . . . . . . . . . . . 15 . . AOE 1 | . . . . . . . . . . . . 1 . . Classes Destroyed 12 | . . 2 . . . 3 2 . . . . 4 . 1 Worker 4 | . . . . . . . . . . . . 2 . 2 Builder 3 | . . . . . . . . . . . . 1 . 2 Recycler 1 | . . . . . . . . . . . . 1 . . Mechanic 1 | . . . . . . . 1 . . . . . . . Watcher 5 | . . . . . . . . . . . . 3 . 2 Swarmer 14 | . . 6 . . . . 3 . . . . 2 . 3 Grunt 33 | . . . . . . 4 7 . . . . 16 . 6 Brawler 3 | . . . . . . 1 1 . . . . . . 1 Duelist 4 | . . . . . . 1 2 . . . . 1 . . Sentry 5 | . . 1 . . . . . . 1 . . 3 . . Hunter 2 | . . . . . . . . . . . . . . 2 Programmer 8 | . . . . . . . 1 . . . . 5 . 2 Best Kill Streak 7 | . . 5 . . . 3 5 . 1 . . 4 . 7 Combat Bots Only 7 | . . 5 . . . 3 5 . 1 . . 4 . 7 Max Kills in Single Turn 2 | . . 2 . . . 1 1 . 1 . . 2 . 1 Gunslinging 1 | . . 1 . . . . . . . . . . . . Exploded 1 | . . . . . . . . . . . . 1 . . Melee 1 | . . . . . . . 1 . . . . . . 1 Uniques/NPCs Destroyed . | . . . . . . . . . . . . . . . Combat | -11 -10 -9 -9 -9 -8 -8 -8 -8 -8 -8 -8 -6 -6 -6 -------- Run | Yrd Mat Mat Min Exi Min Mat Gar Mat Sto Rec Scr Fac Was Fac Hostile Shots Fired 897 | . 4 92 . . . 38 86 . 23 1 . 318 2 333 Missed 196 | . 1 39 . . . . 23 . 7 . . 68 1 57 Hits 701 | . 3 53 . . . 38 63 . 16 1 . 250 1 276 Melee 30 | . . . . . . 11 14 . . . . 2 1 2 Projectile 671 | . 3 53 . . . 27 49 . 16 1 . 248 . 274 Critical Strikes 23 | . . 1 . . . 1 6 . . . . 8 1 6 Actively Blocked 3 | . . . . . . . . . . . . 3 . . Part Disruptions 1 | . . . . . . . . . . . . 1 . . Damage Taken 10900 | . 32 546 . . . 684 1022 . 271 14 . 4130 46 4155 Core 1555 | . 22 167 . . . 153 268 . 77 14 . 679 . 175 Absorbed by Shields . | . . . . . . . . . . . . . . . Redirected to Shielding 113 | . . . . . . . 5 . . . . . . 108 Ignored by Resistances 533 | . . . . . . 50 90 . . . . 23 . 370 Regen/Repaired (Parts) 21 | . . . . . . . . . . . . 21 . . Core Remaining (%) 63 | 100 91 . . . 58 . . . . . 6 . . . Volleys Fired 186 | . . 20 . . . 31 20 . 8 . . 107 . . Largest 2 | . . 2 . . . 2 1 . 2 . . 2 . . Hottest 100 | . . 79 . . . 79 65 . 79 . . 100 . . Shots Fired 280 | . . 29 . . . 49 20 . 10 . . 172 . . Gun 237 | . . 29 . . . 49 20 . 4 . . 135 . . Cannon 37 | . . . . . . . . . . . . 37 . . Launcher . | . . . . . . . . . . . . . . . Special 6 | . . . . . . . . . 6 . . . . . Kinetic 198 | . . 20 . . . 18 . . 2 . . 158 . . Thermal 72 | . . 9 . . . 31 20 . 8 . . 4 . . Explosive . | . . . . . . . . . . . . . . . Electromagnetic 10 | . . . . . . . . . . . . 10 . . Robot Hit Streak 11 | . . 7 . . . 10 11 . 4 . . 7 . . Robot Miss Streak 5 | . . 4 . . . 1 1 . 1 . . 5 . . Penetration Max 1 | . . . . . . . . . . . . 1 . . Secondary Targets 4 | . . 2 . . . . . . . . . 2 . . Max Gunslinging Chain 1 | . . 1 . . . . . . . . . 1 . . Shots Hit Robots 214 | . . 19 . . . 40 32 . 7 . . 92 . 24 Core Hits 121 | . . 9 . . . 15 22 . 4 . . 54 . 17 Critical Kills 6 | . . . . . . . . . . . . 1 . 5 Critical Parts Destroyed 5 | . . . . . . . . . . . . 3 . 2 Critical Strikes 27 | . . . . . . 3 5 . . . . 12 . 7 Burn 4 | . . . . . . 3 1 . . . . . . . Destroy 11 | . . . . . . . . . . . . 4 . 7 Blast 7 | . . . . . . . . . . . . 7 . . Corrupt 1 | . . . . . . . . . . . . 1 . . Sever 4 | . . . . . . . 4 . . . . . . . Melee Attacks 57 | . . . . . . . 21 . . . . . . 36 Kinetic 36 | . . . . . . . . . . . . . . 36 Impact 3 | . . . . . . . 3 . . . . . . . Slashing 18 | . . . . . . . 18 . . . . . . . Piercing . | . . . . . . . . . . . . . . . Sneak Attacks 5 | . . . . . . . 3 . . . . . . 2 Combat Hostiles 2 | . . . . . . . 2 . . . . . . . Follow-up Attacks . | . . . . . . . . . . . . . . . Damage Inflicted 6797 | . . 230 . . . 618 920 . 60 . . 3732 . 1237 Guns 2784 | . . 230 . . . 606 288 . 45 . . 1615 . . Cannons 1652 | . . . . . . . . . . . . 1652 . . Explosions 340 | . . . . . . . . . . . . 340 . . Melee 1820 | . . . . . . . 583 . . . . . . 1237 Ramming 186 | . . . . . . 12 49 . . . . 125 . . Kinetic 4753 | . . 169 . . . 184 . . 13 . . 3150 . 1237 Thermal 898 | . . 61 . . . 422 288 . 47 . . 80 . . Explosive 315 | . . . . . . . . . . . . 315 . . Electromagnetic 62 | . . . . . . . . . . . . 62 . . Impact 87 | . . . . . . . 87 . . . . . . . Slashing 496 | . . . . . . . 496 . . . . . . . Piercing . | . . . . . . . . . . . . . . . Highest Corruption 1 | . . . . . . . . . . . . 1 1 1 Average Corruption 1 | . . . . . . . . . . . . 1 1 1 Corruption Purged . | . . . . . . . . . . . . . . . Corruption Blocked . | . . . . . . . . . . . . . . . Effects 38 | . . . . . . . . . . . . 30 1 7 Message Errors 8 | . . . . . . . . . . . . 6 . 2 Matter Fused 7 | . . . . . . . . . . . . 7 . . Heat Flow Errors 6 | . . . . . . . . . . . . 4 . 2 Energy Discharges 7 | . . . . . . . . . . . . 5 . 2 Parts Fused 1 | . . . . . . . . . . . . 1 . . Data Loss (minor) 7 | . . . . . . . . . . . . 5 1 1 Data Loss (major) 1 | . . . . . . . . . . . . 1 . . Misfires 1 | . . . . . . . . . . . . 1 . . Overload Shots . | . . . . . . . . . . . . . . . Overflow Damage 208 | . . . . . . . . . . . . 199 . 9 Projectiles 172 | . . . . . . . . . . . . 172 . . Explosions 27 | . . . . . . . . . . . . 27 . . Melee 9 | . . . . . . . . . . . . . . 9 Knockbacks 10 | . . . . . . . 2 . . . . 8 . . Impact 3 | . . . . . . . 2 . . . . 1 . . Kinetic 6 | . . . . . . . . . . . . 6 . . Secondary 1 | . . . . . . . . . . . . 1 . . Self-Inflicted Damage 39 | . . . . . . 1 3 . . . . 35 . . Shots 1 | . . . . . . . . . . . . 1 . . Rammed 51 | . . 1 . . . 3 25 . . . . 22 . . Targets Rammed 55 | . . 1 . . . 3 29 . . . . 22 . . Kicked . | . . . . . . . . . . . . . . . Crushed 4 | . . . . . . . 4 . . . . . . . Highest Temperature 252 | . 8 18 . . . 221 46 . 89 . . 252 . 218 Average Temperature 79 | . 4 9 . . . 81 15 . 46 . . 95 . 98 Received Heat Transfer 2704 | . 18 90 . . . 243 306 . 144 9 . 1261 . 633 Siege Activations . | . . . . . . . . . . . . . . . Martial Activations . | . . . . . . . . . . . . . . . Shielding Activations . | . . . . . . . . . . . . . . . Robots Disrupted . | . . . . . . . . . . . . . . . Combat Hostiles . | . . . . . . . . . . . . . . . Robots Corrupted 3 | . . . . . . . . . . . . 3 . . Combat Hostiles 2 | . . . . . . . . . . . . 2 . . Parts Fried 3 | . . . . . . . . . . . . 3 . . Impact Corruptions 1 | . . . . . . . . . . . . 1 . . Robots Melted . | . . . . . . . . . . . . . . . Combat Hostiles . | . . . . . . . . . . . . . . . Parts Melted 9 | . . 2 . . . 3 4 . . . . . . . Heat Transferred 2444 | . . 148 . . . 1258 703 . 174 . . 161 . . Parts Sabotaged . | . . . . . . . . . . . . . . . Parts Stolen . | . . . . . . . . . . . . . . . Parts Stripped . | . . . . . . . . . . . . . . . Power Chain Reactions 1 | . . . . . . . . . . . . 1 . . Alert | -11 -10 -9 -9 -9 -8 -8 -8 -8 -8 -8 -8 -6 -6 -6 ------- Run | Yrd Mat Mat Min Exi Min Mat Gar Mat Sto Rec Scr Fac Was Fac Maximum Alert Level 3 | . . . . . . . 1 . 1 . . 3 1 1 Low Security (%) 49 | 100 100 100 100 . 100 100 36 100 73 100 . 22 . 64 Level 1 34 | . . . . . . . 63 . 26 . . 46 100 35 Level 2 14 | . . . . . . . . . . . . 28 . . Level 3 1 | . . . . . . . . . . . . 3 . . Level 4 . | . . . . . . . . . . . . . . . Level 5 . | . . . . . . . . . . . . . . . High Security . | . . . . . . . . . . . . . . . Max Security . | . . . . . . . . . . . . . . . Peak Influence 1031 | . . 128 . . 7 100 369 179 308 103 . 1031 360 267 Initial 360 | . . . . . . . 39 179 66 19 . . 360 172 Average 229 | . . 25 . . . 30 233 171 125 40 . 342 324 178 Influence Increases 3933 | . . 274 . . 7 183 370 . 550 214 . 1965 . 370 Destroy 0b10 Robot/C 1840 | . . 140 . . . 120 280 . 260 . . 760 . 280 Destroy 0b10 Robot/NC 80 | . . . . . . . 5 . 10 . . 35 . 30 Destroy Leader 384 | . . 30 . . . 20 10 . 74 . . 196 . 54 Allied During Kill 204 | . . . . . . . . . 133 . . 71 . . Successful Hack 244 | . . 29 . . 7 13 . . 27 19 . 149 . . Select Force Hacks 260 | . . . . . . . . . . 180 . 80 . . Disable Machine 120 | . . . . . . . . . . . . 120 . . Anti-Garrison Action 50 | . . . . . . . 50 . . . . . . . Destroy Structure 61 | . . . . . . . 10 . 1 . . 44 . 6 Partial Spotted 60 | . . 45 . . . . . . 15 . . . . . Lose Combat Pursuer 330 | . . 30 . . . 30 15 . 30 15 . 210 . . Active Sensor Use 300 | . . . . . . . . . . . . 300 . . Influence Decreases 3767 | . . 274 . . 7 123 61 210 657 266 . 934 784 451 Entered New Map 1083 | . . . . . . . 21 190 93 33 . . 671 75 Time Decay 2009 | . . 243 . . 7 83 . 20 378 232 . 680 40 326 Lost Part 320 | . . 30 . . . 40 40 . 20 . . 130 10 50 Lost Ally 260 | . . . . . . . . . 160 . . 100 . . Miscellaneous 95 | . . 1 . . . . . . 6 1 . 24 63 . Squads Dispatched 27 | . 1 . . . . . . . 2 . . 22 . 2 Investigation 11 | . . . . . . . . . . . . 11 . . Extermination 9 | . . . . . . . . . . . . 7 . 2 Reinforcement 4 | . 1 . . . . . . . 1 . . 2 . . Assault 1 | . . . . . . . . . . . . 1 . . Garrison 2 | . . . . . . . . . 1 . . 1 . . Intercept . | . . . . . . . . . . . . . . . Searches Triggered . | . . . . . . . . . . . . . . . Construction Impeded . | . . . . . . . . . . . . . . . Haulers Reinforced . | . . . . . . . . . . . . . . . Active Scanning Responses 3 | . . . . . . . . . . . . 3 . . Cargo Convoy Interrupts . | . . . . . . . . . . . . . . . Stealth | -11 -10 -9 -9 -9 -8 -8 -8 -8 -8 -8 -8 -6 -6 -6 --------- Run | Yrd Mat Mat Min Exi Min Mat Gar Mat Sto Rec Scr Fac Was Fac Distress Signals 5 | . 1 2 . . . 1 . . . . . . . 1 Communications Jammed 4 | . . . . . . . . . . . . 4 . . Distress Signals 4 | . . . . . . . . . . . . 4 . . Times Spotted 186 | . 9 17 . . . 12 25 . 21 2 . 74 6 20 Peak Tracking Total 9 | . 4 7 . . . 7 5 . 6 1 . 9 6 7 Tactical Retreats 10 | . . 2 . . . 1 1 . 1 1 . 3 1 . Traps | -11 -10 -9 -9 -9 -8 -8 -8 -8 -8 -8 -8 -6 -6 -6 ------- Run | Yrd Mat Mat Min Exi Min Mat Gar Mat Sto Rec Scr Fac Was Fac Traps Triggered 7 | . . . . . . . . . 4 . . 1 . 2 Indirectly . | . . . . . . . . . . . . . . . Trap Hack Attempts . | . . . . . . . . . . . . . . . Triggered . | . . . . . . . . . . . . . . . Disarmed . | . . . . . . . . . . . . . . . Reprogrammed . | . . . . . . . . . . . . . . . Reused . | . . . . . . . . . . . . . . . Traps Extracted . | . . . . . . . . . . . . . . . Installed . | . . . . . . . . . . . . . . . Triggered . | . . . . . . . . . . . . . . . Machines | -11 -10 -9 -9 -9 -8 -8 -8 -8 -8 -8 -8 -6 -6 -6 ---------- Run | Yrd Mat Mat Min Exi Min Mat Gar Mat Sto Rec Scr Fac Was Fac Machines Disabled 9 | . . . . . . . 1 . . . . 8 . . Max in Single Turn 3 | . . . . . . . 1 . . . . 3 . . Garrison Access 2 | . . . . . . . . . 1 . . 1 . . Garrison Relay 1 | . . . . . . . 1 . . . . . . . Machines Repaired . | . . . . . . . . . . . . . . . Machines Dismantled . | . . . . . . . . . . . . . . . Machines Sabotaged . | . . . . . . . . . . . . . . . Overloaded Fab Kills 1 | . . . . . . . . . . . . 1 . . Hacking | -11 -10 -9 -9 -9 -8 -8 -8 -8 -8 -8 -8 -6 -6 -6 --------- Run | Yrd Mat Mat Min Exi Min Mat Gar Mat Sto Rec Scr Fac Was Fac Machines Accessed 55 | . . 7 . 1 1 3 1 . 10 11 1 20 . . Terminals 30 | . . 6 . . 1 2 1 . 7 5 . 8 . . Fabricators 4 | . . . . . . . . . . . . 4 . . Repair Stations 2 | . . 1 . . . . . . . . . 1 . . Recycling Units 13 | . . . . . . . . . 2 6 . 5 . . Scanalyzers . | . . . . . . . . . . . . . . . Garrison Access 4 | . . . . . . 1 . . 1 . . 2 . . Total Hacks 141 | . . 20 . 1 5 8 3 . 23 25 1 55 . . Successful 74 | . . 8 . 1 1 6 . . 13 17 1 27 . . Failed 67 | . . 12 . . 4 2 3 . 10 8 . 28 . . Catastrophic 6 | . . 1 . . . . . . 1 1 . 3 . . Database Lockouts . | . . . . . . . . . . . . . . . Manual 115 | . . 18 . . 5 7 . . 17 21 . 47 . . Terminals 93 | . . 19 . . 5 7 3 . 19 18 . 22 . . Fabricators 17 | . . . . . . . . . . . . 17 . . Repair Stations 4 | . . 1 . . . . . . . . . 3 . . Recycling Units 19 | . . . . . . . . . 3 7 . 9 . . Scanalyzers . | . . . . . . . . . . . . . . . Garrison Access 6 | . . . . . . 1 . . 1 . . 4 . . Terminal Hacks 10 | . . 1 . 1 1 . . . 3 2 1 1 . . Record 2 | . . . . 1 . . . . . . 1 . . . Robot Schematic 1 | . . . . . . . . . . 1 . . . . Robot Analysis 1 | . . . . . 1 . . . . . . . . . Open Door 2 | . . . . . . . . . 2 . . . . . Terminal Index 3 | . . 1 . . . . . . 1 1 . . . . Locate Traps 1 | . . . . . . . . . . . . 1 . . Fabricator Hacks 2 | . . . . . . . . . . . . 2 . . Network Status 2 | . . . . . . . . . . . . 2 . . Repair Station Hacks . | . . . . . . . . . . . . . . . Recycling Unit Hacks 1 | . . . . . . . . . 1 . . . . . Report Inventory 1 | . . . . . . . . . 1 . . . . . Scanalyzer . | . . . . . . . . . . . . . . . Garrison Access Hacks 3 | . . . . . . 1 . . 1 . . 1 . . Unlock Access 1 | . . . . . . 1 . . . . . . . . Seal Access 2 | . . . . . . . . . 1 . . 1 . . Unauthorized Hacks 58 | . . 7 . . . 5 . . 8 15 . 23 . . Terminals 38 | . . 7 . . . 5 . . 7 9 . 10 . . Botnet 13 | . . 2 . . . 2 . . 2 4 . 3 . . Disrupt 1 | . . . . . . . . . 1 . . . . . Operators 2 | . . . . . . 1 . . . . . 1 . . Skim 22 | . . 5 . . . 2 . . 4 5 . 6 . . Fabricators 7 | . . . . . . . . . . . . 7 . . Report 1 | . . . . . . . . . . . . 1 . . Liberate 1 | . . . . . . . . . . . . 1 . . Fabnet 3 | . . . . . . . . . . . . 3 . . Haulers 1 | . . . . . . . . . . . . 1 . . Overload 1 | . . . . . . . . . . . . 1 . . Repair Stations . | . . . . . . . . . . . . . . . Recycling Units 13 | . . . . . . . . . 1 6 . 6 . . Recyclers 2 | . . . . . . . . . 1 . . 1 . . Tunnel 7 | . . . . . . . . . . 6 . 1 . . Fedlink 4 | . . . . . . . . . . . . 4 . . Scanalyzers . | . . . . . . . . . . . . . . . Garrison Access . | . . . . . . . . . . . . . . . Data Cores Recovered . | . . . . . . . . . . . . . . . Used . | . . . . . . . . . . . . . . . Hacking Detections 37 | . . 7 . . 1 2 1 . 6 5 . 15 . . Full Trace Events 2 | . . . . . . . . . 1 . . 1 . . Feedback Events . | . . . . . . . . . . . . . . . Feedback Blocked . | . . . . . . . . . . . . . . . Robot Schematics Acquired 1 | . . . . . . . . . . 1 . . . . Robots Built . | . . . . . . . . . . . . . . . Authchips . | . . . . . . . . . . . . . . . Time . | . . . . . . . . . . . . . . . Total Robot Build Rating . | . . . . . . . . . . . . . . . Part Schematics Acquired . | . . . . . . . . . . . . . . . Parts Built . | . . . . . . . . . . . . . . . Authchips . | . . . . . . . . . . . . . . . Time . | . . . . . . . . . . . . . . . Total Part Build Rating . | . . . . . . . . . . . . . . . Parts Repaired . | . . . . . . . . . . . . . . . Time . | . . . . . . . . . . . . . . . Parts Recycled . | . . . . . . . . . . . . . . . Recycled Matter . | . . . . . . . . . . . . . . . Retrieved Matter . | . . . . . . . . . . . . . . . Retrieved Components . | . . . . . . . . . . . . . . . Parts Scanalyzed . | . . . . . . . . . . . . . . . Part Schematics Acquired . | . . . . . . . . . . . . . . . Parts Damaged . | . . . . . . . . . . . . . . . Bothacking | -11 -10 -9 -9 -9 -8 -8 -8 -8 -8 -8 -8 -6 -6 -6 ------------ Run | Yrd Mat Mat Min Exi Min Mat Gar Mat Sto Rec Scr Fac Was Fac Used RIF Installer . | . . . . . . . . . . . . . . . Robots Hacked 13 | . 1 2 . . . 1 3 . 2 1 . 3 . . Non-combat 4 | . 1 . . . . 1 . . 1 1 . . . . Combat 9 | . . 2 . . . . 3 . 1 . . 3 . . Robot Hacks Applied 17 | . 2 2 . . . 1 3 . 2 1 . 6 . . map_walls 1 | . . . . . . . . . 1 . . . . . find_recycling 1 | . . . . . . . . . . 1 . . . . find_station 1 | . . . . . . 1 . . . . . . . . map_route 1 | . 1 . . . . . . . . . . . . . mark_security 1 | . 1 . . . . . . . . . . . . . find_shortcuts 9 | . . 2 . . . . 3 . 1 . . 3 . . find_garrison 3 | . . . . . . . . . . . . 3 . . Relay Couplers Released 7 | . . . . . . . 7 . . . . . . . Machine Destruction 4 | . . . . . . . 4 . . . . . . . Programmers 3 | . . . . . . . 3 . . . . . . . Fabnet Peak Effective % . | . . . . . . . . . . . . . . . Robots Rewired . | . . . . . . . . . . . . . . . Allies Hacked . | . . . . . . . . . . . . . . . Hacks Repelled . | . . . . . . . . . . . . . . . Allies | -11 -10 -9 -9 -9 -8 -8 -8 -8 -8 -8 -8 -6 -6 -6 -------- Run | Yrd Mat Mat Min Exi Min Mat Gar Mat Sto Rec Scr Fac Was Fac Total Allies 16 | . . . . . . . . . 10 . . 6 . . Largest Group 10 | . . . . . . . . . 10 . . 3 . . Highest-Rated Group 173 | . . . . . . . . . 173 . . 87 . . Highest-Rated Ally 29 | . . . . . . . . . 29 . . 29 . . Initial Warlord ECA Mod 4 | . . . . . . . . 1 1 1 1 . . . Total Orders . | . . . . . . . . . . . . . . . Ally Attacks 213 | . . . . . . . . . 114 . . 99 . . Total Damage 2869 | . . . . . . . . . 1388 . . 1481 . . Kills 27 | . . . . . . . . . 16 . . 11 . . Allies Corrupted . | . . . . . . . . . . . . . . . Allies Melted . | . . . . . . . . . . . . . . . Intel | -11 -10 -9 -9 -9 -8 -8 -8 -8 -8 -8 -8 -6 -6 -6 ------- Run | Yrd Mat Mat Min Exi Min Mat Gar Mat Sto Rec Scr Fac Was Fac Active Infowar (turns) 3850 | . 22 59 . . . 20 73 . 291 . . 3385 . . Optics 3466 | . 22 59 . . . . . . . . . 3385 . . A.S.S. 3382 | . . . . . . . . . . . . 3382 . . Terrain 291 | . . . . . . . . . 291 . . . . . Structural 291 | . . . . . . . . . 291 . . . . . Machine Analysis 93 | . . . . . . 20 73 . . . . . . . Jamming 3385 | . . . . . . . . . . . . 3385 . . Robot Analysis Total 16 | . 1 3 . . 1 1 2 . 1 1 1 3 2 . Derelict Logs Recovered . | . . . . . . . . . . . . . . . Drone Launches . | . . . . . . . . . . . . . . . Drone Recoveries . | . . . . . . . . . . . . . . . Exploration | -11 -10 -9 -9 -9 -8 -8 -8 -8 -8 -8 -8 -6 -6 -6 ------------- Run | Yrd Mat Mat Min Exi Min Mat Gar Mat Sto Rec Scr Fac Was Fac Turns Passed 10703 | 9 57 857 76 325 244 281 572 48 953 578 933 4956 81 733 Spaces Moved 5312 | 18 109 431 48 203 153 127 361 31 425 630 875 1428 87 386 Core 511 | 18 69 2 . . . . 5 . 34 265 1 114 3 . Treads 2451 | . . 93 48 203 153 106 71 31 123 . 2 1232 3 386 Legs 205 | . . . . . . . 202 . . . . 3 . . Wheels 1662 | . . 53 . . . 21 83 . 268 365 872 . . . Hover 305 | . 40 105 . . . . . . . . . 79 81 . Flight 178 | . . 178 . . . . . . . . . . . . Fastest Speed 37 | 50 50 37 160 160 160 80 50 160 50 50 50 50 50 160 Average Speed 116 | 50 52 74 160 160 160 146 117 160 103 78 100 138 78 160 Slowest Speed 250 | 50 56 160 160 160 160 160 160 160 160 100 140 250 160 160 Overloaded Moves . | . . . . . . . . . . . . . . . Propulsion Burnouts . | . . . . . . . . . . . . . . . Robots Hopped 2 | . . 2 . . . . . . . . . . . . Potential Cave-ins . | . . . . . . . . . . . . . . . Cave-ins Triggered . | . . . . . . . . . . . . . . . Exploration Rate (%) 36 | 3 30 33 10 60 38 19 40 4 64 73 60 31 77 12 Regions Visited 14 Branch Regions 6 Pre-discovered Areas 13 | . . 1 . . . . . . . 7 . 5 . . Known Exits Taken 5 | . . 1 . . 1 1 . . 1 1 . . . . Unknown Exits Taken 6 | 1 1 . 1 1 . . . 1 . . 1 . . . Scrap Searched 4 | . . . 1 . . . . . . . 3 . . . Spaces Dug 7 | . . . . . . . . . . . . 1 . 6 Terrain Destroyed 50 | . . . . . . . . . . . . 44 . 6 Melee 6 | . . . . . . . . . . . . . . 6 Projectile 9 | . . . . . . . . . . . . 9 . . AOE 35 | . . . . . . . . . . . . 35 . . Terrain Rammed . | . . . . . . . . . . . . . . . Walls Destroyed . | . . . . . . . . . . . . . . . Machines Disabled . | . . . . . . . . . . . . . . . Actions | -11 -10 -9 -9 -9 -8 -8 -8 -8 -8 -8 -8 -6 -6 -6 --------- Run | Yrd Mat Mat Min Exi Min Mat Gar Mat Sto Rec Scr Fac Was Fac Total 9447 | 17 108 939 47 203 152 171 439 30 928 710 933 4241 99 430 Wait 3830 | . . 490 . . . 8 1 . 495 73 59 2683 13 8 Move 5296 | 17 108 426 47 202 152 127 360 30 424 629 874 1428 86 386 Hop 2 | . . 2 . . . . . . . . . . . . Pick Up 5 | . . . . 1 . . . . . 4 . . . . Fast Attach . | . . . . . . . . . . . . . . . Attach . | . . . . . . . . . . . . . . . Detach . | . . . . . . . . . . . . . . . Swap . | . . . . . . . . . . . . . . . Drop . | . . . . . . . . . . . . . . . Fire 186 | . . 20 . . . 31 20 . 8 . . 107 . . Melee 57 | . . . . . . . 21 . . . . . . 36 Ram 4 | . . . . . . 1 1 . . . . 2 . . Kick . | . . . . . . . . . . . . . . . Crush 51 | . . 1 . . . 2 28 . . . . 20 . . Escape Stasis . | . . . . . . . . . . . . . . . Rewire 3 | . . . . . . . 2 . . . . 1 . . Trap . | . . . . . . . . . . . . . . . Miscellaneous 13 | . . . . . . 2 6 . 1 4 . . . . Route ------- -11/Scrapyard -10/Materials (discovered 2 exits: *Mat / [Min]) -9/Materials (discovered 5 exits: Mat x3 / *Min x2) -9/Mines -9/Exiles -8/Mines -8/Materials (discovered 4 exits: *Fac x3 / Gar) -8/Garrison -8/Materials -8/Storage -8/Recycling (discovered 2 exits: *Fac / *Scr) -8/Scraptown -6/Factory -6/Waste -6/Factory History --------- Turn | Location | Event 3 | -11/Scrapyard | Discovered new exit (range 15) 10 | -11/Scrapyard | Entered Materials 45 | -10/Materials | Discovered new exit (range 23) 45 | -10/Materials | Discovered new exit (range 38) 67 | -10/Materials | Entered another Materials area 211 | -9/Materials | Discovered new exit (range 8) 281 | -9/Materials | Loaded intel: 2 recycling unit locations 346 | -9/Materials | Learned 2 Storage zone layouts 402 | -9/Materials | Learned location of Zion (-7) 481 | -9/Materials | Identified exit to Materials 481 | -9/Materials | Identified exit to Mines 504 | -9/Materials | Learned Recycling recycling unit intel 539 | -9/Materials | Learned location of 1 exit from Storage 573 | -9/Materials | Learned Storage stockpile data 617 | -9/Materials | Learned location of 2 exits from Materials 924 | -9/Materials | Entered Mines 990 | -9/Mines | Deemed a non-threat by the Exiles lab entrance 990 | -9/Mines | Discovered new exit (range 5) 1000 | -9/Mines | Entered Exiles 1000 | -9/Exiles | Found Exiles lab abandoned 1306 | -9/Exiles | Discovered new exit (range 14) 1325 | -9/Exiles | Entered Mines 1373 | -8/Mines | Found a Scrap Suit stashed away for nefarious purposes 1559 | -8/Mines | Discovered exit to Materials (range 8) 1569 | -8/Mines | Entered Materials 1570 | -8/Materials | Identified exit to Factory 1821 | -8/Materials | Lost 4 parts (1n2u1w) 1843 | -8/Materials | Discovered exit to Factory (range 13) 1850 | -8/Materials | Identified exit to Garrison 1850 | -8/Materials | Entered Garrison 1874 | -8/Garrison | Triggered checkpoint 2007 | -8/Garrison | Garrison Relay disabled 2046 | -8/Garrison | Triggered checkpoint 2201 | -8/Garrison | Discovered new exit (range 12) 2246 | -8/Garrison | Triggered checkpoint 2250 | -8/Garrison | Core integrity fell below 50% 2422 | -8/Garrison | Entered Materials 2446 | -8/Materials | Discovered new exit (range 16) 2470 | -8/Materials | Entered Storage 2471 | -8/Storage | Identified exit to Recycling 2641 | -8/Storage | Assisted by bots powering up and referring to "LRC-V3" 2689 | -8/Storage | Garrison activated, responded to threat 2692 | -8/Storage | Core integrity fell below 20% 2804 | -8/Storage | Lost 9 allies 3379 | -8/Storage | Used back door to open Recycling access 3423 | -8/Storage | Entered Recycling 3424 | -8/Recycling | Loaded intel: 6 recycling unit locations 3488 | -8/Recycling | Discovered new exit (range 9) 3701 | -8/Recycling | Learned Storage security intel 3763 | -8/Recycling | Learned 4 Factory zone layouts 3816 | -8/Recycling | Identified exit to Scraptown 3861 | -8/Recycling | Learned location of 2 exits from Lower Caves 3904 | -8/Recycling | Scanned before Scraplab entrance 3917 | -8/Recycling | Learned 2 Lower Caves zone layouts 3918 | -8/Recycling | Entered Scraplab 4001 | -8/Recycling | Entered Scraptown 4144 | -8/Scraptown | Visited CR-KLE's Repair Center 4150 | -8/Scraptown | Visited Cyclists 4164 | -8/Scraptown | Visited Red Mages 4173 | -8/Scraptown | Visited Comm Corps 4186 | -8/Scraptown | Visited Awakened 4232 | -8/Scraptown | Heard Great Nut preacher, LISTEN AND RECITE! 4302 | -8/Scraptown | Visited UFD Registry 4310 | -8/Scraptown | Registered with UFD as "Laserpod" 4342 | -8/Scraptown | Visited Curators Association 4371 | -8/Scraptown | Visited LU-1G1's Boring Crew 4389 | -8/Scraptown | Visited Science Testing Area 4407 | -8/Scraptown | Visited Science Guys 4436 | -8/Scraptown | Visited Research Penetration Think Tank 4457 | -8/Scraptown | Visited Supply Room 4471 | -8/Scraptown | Visited Chapter 10 4499 | -8/Scraptown | Visited Scrapoid Research Area 4876 | -8/Scraptown | Met Optimus 4876 | -8/Scraptown | Accepted into 0bPrime 4928 | -8/Scraptown | Discovered new exit (range 5) 4934 | -8/Scraptown | Entered Factory 4935 | -6/Factory | Identified exit to Factory 5221 | -6/Factory | Garrison activated, responded to threat 5909 | -6/Factory | Loaded intel: 8 recycling unit locations 5993 | -6/Factory | P-60 Hacker assimilated allied G-50 Soldier 6048 | -6/Factory | Learned location of Protoforge (-2) 6360 | -6/Factory | Lost 4 parts (2n2w) 7898 | -6/Factory | Learned Extension security intel 7946 | -6/Factory | Learned location of 1 exit from Extension 7986 | -6/Factory | Learned 4 Extension zone layouts 8040 | -6/Factory | Learned 2 Extension zone layouts 8062 | -6/Factory | Learned 2 Lower Caves zone layouts 9484 | -6/Factory | First assault squad dispatched 9739 | -6/Factory | Core integrity fell below 50% 9763 | -6/Factory | Lost 4 parts (1n2u1w) 9890 | -6/Factory | Manually triggered Chute Trap 9890 | -6/Factory | Sucked down chute 9890 | -6/Factory | Entered Waste 9892 | -6/Waste | Spotted C-40 Crusher 9892 | -6/Waste | Spotted C-40 Crusher 9895 | -6/Waste | Spotted C-40 Crusher 9911 | -6/Waste | Spotted C-40 Crusher 9911 | -6/Waste | Spotted C-40 Crusher 9915 | -6/Waste | Crushed by Compactor (1 part destroyed, 2 dropped) 9932 | -6/Waste | Spotted C-40 Crusher 9943 | -6/Waste | Discovered new exit (range 11) 9967 | -6/Waste | Took control of C-40 Crusher 9971 | -6/Waste | Entered Factory 10216 | -6/Factory | Core integrity fell below 20% 10472 | -6/Factory | Destroyed 7 combat bots 10704 | -6/Factory | Destroyed by Y-54 Guardian with Flak Gun Last Messages --------------- 10467_ R-10 Processor collects Flexi-carbon Leg. 10469_ K-01 Serf collects debris. 10470_ R-10 Processor collects Remote Datajack. 10470_ K-01 Serf collects debris. 10473_ R-10 Processor collects Lgt. Fission Core. 10473_ K-01 Serf collects debris. 10498_ U-05 Engineer builds a Wall. 10505_ W-25 Informer crushed by Cogmind. 10505_ W-25 Informer destroyed. 10512_ U-05 Engineer builds a Wall. 10533_ R-10 Processor collects Carbon-fiber Leg. 10534_ U-05 Engineer builds a Wall. 10538_ R-10 Processor collects VTOL Module. 10538_ U-05 Engineer crushed by Cogmind. 10538_ U-05 Engineer destroyed. 10643_ K-01 Serf cleans the Matter Pump. 10690_ ALERT: Potential suspicious activity detected, Programmers report to Factory Zone 7I. 10695_ Hvy. Treads destroyed. 10701_ Antimatter Reactor destroyed. Map ----- +----------------------------------------------------+ | ??????????????????????????????????????????????# | | ??????????????????????????????????????????????# | | ??????????????????????????????????????????????# | | ??????????????????????????????????????????????# | | ?????????????????????????????????????" """????# | | ?????????????????????????????????????? ??# | | ???????????????????????????????????????""" # | | ???????????????????????????????????????""" + | | ???????????????????????????????????????""" # | | ?????????????????????????????????????? ??# | | ????????????????????????????????????? ????# | | ?????????????????????????????????????###??????# | | ??????????????????????????????????????????????# | | ??????????????????????????????????????????????# | | ??????????????????????????????????????????????# | | ??????????????????????????????????????????????# | | ?????????????????????? ???????????????????????# | | ?????????????????????? ??????????????####### | | ?????????????????????? ??????????????# | | ????????????????????? ??????????????# | | ????????????????????? ???????????????# """ """ | | ????????????????????? ???????????????+ """ """ | | ????????????????????? ????????????????# """ """ | | ????????????????????? ????????????????# | | ??????????????????###+##################^ !!! """ | | ??????????????????# CCY !!! """ | | ??????????????##### CC ! !!! """ | | ?????????# | | ????????????####### """ """ | | ??????????????????# """ """ | | ??????????????????# """ """ ###########+####### | | ??????????????????#u """ """ #????????? ?????? | | ??????????????????# #????????? ????? | | ??????????????????# "T" #????????? ???? | | ??????????????????+ """ ????????? ???? | | ??????????????????# #???????? ??? | | ??????????????????# ????????? ?? | | ??????????????????# ????##?????????? ? | | ??????????????????# ????????????????? ??? | | ??????????????????# ????????????????? ????? | | ??????????????????# ??????????????????????????? | | ??????????????????? ???????????????????????????? | | ??????????????????? ???????????????????????????? | | ?????????????????????????????????????????????????? | | ?????????????????????????????????????????????????? | | ?????????????????????????????????????????????????? | | ?????????????????????????????????????????????????? | | ?????????????????????????????????????????????????? | | ?????????????????????????????????????????????????? | | ?????????????????????????????????????????????????? | +----------------------------------------------------+ Best States ------------- Heat Dissipation 104 Energy Generation 42 Energy Capacity 500 Matter Stores 200 Matter Capacity 200 Sight Range 18 Robot Scan Range 20 Terrain Scan Range 14 Terrain Scan Density 85 Jamming Range 12 EM Shielding 2 Armor Coverage 3200 Resistance: EX 75 Resistance: EM 90 Resistance: I 50 Resistance: S 50 Resistance: P 50 Core Shielding 20 Propulsion Shielding 66 Weapon Cycling 15 Evasion (%) 62 Targeting Accuracy 5 Melee Accuracy 5 Launcher Accuracy 20 Target Analysis 5 Recoil Reduction 4 Item Schematics ----------------- None Robot Schematics ------------------ L-31 Rogue | -8/Recycling | Hacked Fabricated ------------ Nothing Repaired ---------- Nothing Alien Tech Used ----------------- None Achievements -------------- None Challenges ------------ None Polymind | -11 -10 -9 -9 -9 -8 -8 -8 -8 -8 -8 -8 -6 -6 -6 ---------- Run | Yrd Mat Mat Min Exi Min Mat Gar Mat Sto Rec Scr Fac Was Fac Hosts 17 | . 1 3 . . . 1 3 . 2 1 1 3 2 . Combat Hostiles 10 | . . 2 . . . . 3 . 1 . . 3 1 . Allies 1 | . . . . . . . . . . . 1 . . . Unique Host Classes 15 | . 1 3 . . . 1 3 . 1 1 1 2 2 . Average Host Suspicion 63 | . 100 64 11 . 30 78 93 21 73 66 . 72 19 96 Unsuspicious Activity 3747 | . . 458 . . . . . . 440 22 7 2694 126 . Returns to Shadow 4 | . . 1 . . . . . . . 1 . 2 . . Fuzzy Dispatches 10 | . . . . . . . . . . . . 8 . 2 Protomatter Created 1015 | . . 34 . . . 41 121 . 104 . . 599 . 116 Used 615 | . 12 34 . . . 5 82 . 28 5 15 181 253 . Decayed 64 | . . . . . . . . . . . . 64 . . Highest Spend 213 | . 12 23 . . . 5 30 . 23 5 15 96 213 . Top 5 Hosts by Kills: H-61 Shepherd (-6/Factory: 15) C-40 Crusher (-6/Waste: 14) Y-45 Defender (-9/Materials: 11) 1Y-UBG(E) (-8/Scraptown: 9) L-31 Rogue (-8/Garrison: 5) Game ------ Seed MasterDisruptorBarrier Manual? 0 Play Time 01:23:18 Cumulative 354.6 hours Start 2025.06.08 @ 00:10:20 End 2025.06.08 @ 10:53:19 Sessions 3 Manual Loads 0 Difficulty Rogue Special Mode Winter2022/Polymind Game No. 171 Rogue 128 Adventurer 43 Explorer 0 Win Type - Total 7 Types 4/0/1/0/0/0/0/1/0/1 Lore% 85 Gallery% 74 Achievement% 66 Wizard Run 0 Options --------- Layout 0 ASCII 0 Keyboard 0 Movement Numpad Keybinds 0 Fullscreen 1 Font 24/Smallcaps Map View 76x50 Zoom Use 0% Tactical HUD 1 Map Filters NONE Filters NONE Steam 1 RUN: 1e97c5a0-a5db-4573-9792-984a15becc78